 Dungeon Crawl Stone Soup version 0.30-a0-177-g1cb5dbfd7a (webtiles) character file.

Game seed: 9761429663290187655

114566 epen the Thaumaturge (level 16, -5/126 HPs)
             Began as a Gnoll Fire Elementalist on Oct 1, 2022.
             Was the Champion of Cheibriados.
             Slain by a catoblepas (8 damage)
             ... while petrified by a catoblepas
             ... on level 15 of the Dungeon on Oct 2, 2022.
             The game lasted 00:56:29 (22289 turns).

epen the Thaumaturge (Gnoll Fire Elementalist)     Turns: 22289, Time: 00:56:30

Health: -5/126     AC: 32    Str: 21    XL:     16   Next: 66%
Magic:  28/32      EV:  2    Int: 40    God:    Cheibriados [******]
Gold:   2178       SH:  0    Dex: 42    Spells: 20/39 levels left

rFire   . . .      SeeInvis .    O - +7 flail of the Slime-mould {vorpal, rC+ Dex+3}
rCold   + + .      Faith    .    w - +0 buckler
rNeg    + + +      Spirit   .    E - +8 chain mail of Entitlement {Dex+5}
rPois   ∞          Reflect  .    U - +0 helmet {Int+3}
rElec   .          Harm     .    l - +2 cloak
rCorr   .          Rampage  .    i - +2 pair of gloves
Will    +....                    S - +2 pair of boots
Stlth   ++++......               F - amulet of magic regeneration
HPRegen 0.41/turn                k - ring of protection from cold
MPRegen 0.63/turn                Y - +4 ring of evasion

@: petrified, studying Ice Magic, very slow
A: fangs 1, strong nose, distributed training, agile 1, clever 1, deterioration
1, wild magic 1, no potion heal 1
a: Renounce Religion, Bend Time, Temporal Distortion, Slouch, Step From Time


You were on level 15 of the Dungeon.
You worshipped Cheibriados.
Cheibriados was exalted by your worship.
You visited 2 branches of the dungeon, and saw 20 of its levels.
You also visited: Sewer and Gauntlet.

You collected 2248 gold pieces.
You spent 70 gold pieces at shops.

Inventory:

Hand Weapons
 O - the +7 flail of the Slime-mould (weapon) {vorpal, rC+ Dex+3}
   (You took it off a kobold on level 10 of the Dungeon)

   It inflicts extra damage upon your enemies.
   Dex:       It affects your dexterity (+3).
   rC:        It protects you from cold.
Missiles
 c - 21 boomerangs
 d - 4 silver boomerangs
 K - 2 throwing nets
 X - 4 silver javelins
Armour
 i - a +2 pair of gloves (worn)
 l - a +2 cloak (worn)
 w - a +0 buckler (worn)
 E - the +8 chain mail of Entitlement (worn) {Dex+5}
   (You found it on level 5 of the Lair of Beasts)

   Dex:       It affects your dexterity (+5).
 J - a +1 troll leather armour
 S - a +2 pair of boots (worn)
 U - a +0 helmet of intelligence (worn)
Jewellery
 a - a +4 ring of protection
 b - a ring of flight
 e - a ring of protection from fire
 k - a ring of protection from cold (left hand)
 F - an amulet of magic regeneration (around neck)
 N - a +6 ring of dexterity
 Y - a +4 ring of evasion (right hand)
Wands
 x - a wand of roots (24)
 y - a wand of flame (30)
 A - a wand of acid (9)
 G - a wand of charming (13)
 Z - a wand of mindburst (6)
Scrolls
 h - a scroll of fog
 m - a scroll of brand weapon
 p - 10 scrolls of teleportation
 q - 3 scrolls of fear
 r - a scroll of enchant armour
 s - 15 scrolls of identify
 u - 2 scrolls of enchant weapon
 I - 3 scrolls of magic mapping
 M - a scroll of summoning
 Q - 8 scrolls of blinking
Potions
 f - a potion of brilliance {unknown}
 g - 7 potions of heal wounds
 j - 10 potions of mutation
 n - 9 potions of might
 o - 6 potions of flight
 t - a potion of cancellation
 z - 3 potions of attraction
 C - a potion of ambrosia
 D - 6 potions of curing
 L - 2 potions of magic
 P - 3 potions of berserk rage
 R - 4 potions of resistance
Miscellaneous
 T - a lightning rod (4/4)


   Skills:
 + Level 11.4 Fighting
 + Level 11.4 Short Blades
 + Level 11.4 Long Blades
 + Level 11.4 Axes
 + Level 11.4 Maces & Flails
 + Level 11.4 Polearms
 + Level 11.4 Staves
 + Level 11.4 Ranged Weapons
 + Level 11.4 Throwing
 + Level 11.4 Armour
 + Level 12.3 Dodging
 + Level 12.2 Stealth
 + Level 11.4 Shields
 + Level 11.4 Unarmed Combat
 + Level 12.4 Spellcasting
 + Level 9.9 Conjurations
 + Level 9.6 Hexes
 + Level 9.6 Summonings
 + Level 9.6 Necromancy
 + Level 9.6 Translocations
 + Level 9.6 Transmutations
 + Level 11.1 Fire Magic
 + Level 10.8 Ice Magic
 + Level 9.6 Air Magic
 + Level 9.6 Earth Magic
 + Level 9.6 Poison Magic
 + Level 12.4 Invocations
 + Level 11.4 Evocations


You had 20 spell levels left.
You knew the following spells:

 Your Spells              Type           Power      Damage    Failure   Level
a - Flame Wave            Conj/Fire      97%        2d20      2%          4
b - Scorch                Fire           100%       2d10      1%          2
c - Frozen Ramparts       Ice            100%       1d16      1%          3
d - Fireball              Conj/Fire      48%        3d19      6%          5
e - Freezing Cloud        Conj/Ice/Air   47%        6-21      7%          5

Your spell library contained the following spells:

 Spells                   Type           Power      Damage    Failure   Level
 Foxfire                  Conj/Fire      100%       2x1d9     1%          1
 Freeze                   Ice            100%       1d11      1%          1
 Sandblast                Erth           100%       2d20      1%          1
 Passwall                 Tmut/Erth      77%        N/A       1%          2
 Sublimation of Blood     Necr           93%        N/A       1%          2
 Wereblood                Tmut           93%        N/A       1%          2
 Call Canine Familiar     Summ           93%        N/A       1%          3
 Hailstorm                Conj/Ice       96%        3d19      1%          3
 Ignite Poison            Fire/Tmut/Pois 95%        N/A       1%          3
 Inner Flame              Hex/Fire       96%        N/A       1%          3
 Kindle Blastsparks       Fire/Tloc/Air  100%       2d18      1%          3
 Portal Projectile        Hex/Tloc       100%       N/A       1%          3
 Stone Arrow              Conj/Erth      100%       3d13      1%          3
 Tukima's Dance           Hex            93%        N/A       1%          3
 Sticky Flame             Conj/Fire      97%        2d11      2%          4
 Animate Armour           Summ/Erth      100%       N/A       3%          4
 Ice Form                 Ice/Tmut       95%        N/A       3%          4
 Leda's Liquefaction      Hex/Erth       46%        N/A       3%          4
 Passage of Golubria      Tloc           93%        N/A       3%          4
 Summon Ice Beast         Ice/Summ       95%        N/A       3%          4
 Summon Forest            Summ/Tloc      46%        N/A       9%          5
 Summon Mana Viper        Hex/Summ       93%        N/A       9%          5
 Yara's Violent Unravell  Hex/Tmut       46%        3d18      9%          5
 Starburst                Conj/Fire      48%        6d13      28%         6
 Simulacrum               Ice/Necr       47%        N/A       30%         6
 Summon Cactus Giant      Summ           46%        N/A       36%         6
 Summon Hydra             Summ           46%        N/A       89%         7
 Ignition                 Fire           49%        3d14      100%        8
 Lehudib's Crystal Spear  Conj/Erth      47%        10d11     100%        8
 Polar Vortex             Ice            49%        N/A       100%        9


Dungeon Overview and Level Annotations

Branches:
Dungeon (15/15)            Temple (0/1) D:6            Lair (5/5) D:10
 Shoals (0/4) Lair:2       Spider (0/4) Lair:2        Slime (0/5) Lair:4
    Orc (0/2) D:10         Vaults (0/5) D:14         Depths (0/4) D:15
  Sewer (visited)         Gauntlet (visited)

Altars:
Cheibriados
Dithmenos
Elyvilon
Fedhas
Gozag
Kikubaaqudgha
Nemelex Xobeh
Okawaru
Ru
Sif Muna
Trog
Vehumet
Xom
Yredelemnul
The Shining One

Shops:
D:2 (?!   D:6 *


Innate Abilities, Weirdness & Mutations

You have very sharp teeth.
Your uncanny sense of smell can sniff out nearby items.
Your experience applies equally to all skills.
You are agile. (Dex +4, Str/Int -1)
Your mind is acute. (Int +4, Str/Dex -1)
Your body sometimes deteriorates upon taking damage.
Your spells are a little harder to cast, but a little more powerful.
Potions are less effective at restoring your health.


Message History

* * * LOW HITPOINT WARNING * * *
You are engulfed in calcifying dust.
The wall freezes the catoblepas.
The catoblepas barely misses you.
You turn to flesh and can move again.
Unknown command.
Unknown command.
You sock the eight-headed hydra!
You kill the eight-headed hydra!
Cheibriados appreciates the change of pace.
You are engulfed in calcifying dust.
You are slowing down.
The wall freezes the catoblepas!
The catoblepas gores you but does no damage.
Unknown command.
Unknown command.
Your system partially rejects the healing.
You feel much better.
You are engulfed in calcifying dust.
Your limbs have turned to stone.
The wall freezes the catoblepas!
The catoblepas breathes a plume of calcifying dust at you.
The blast of calcifying dust hits you but does no damage.
You have turned to stone.
You are engulfed in calcifying dust.
A boggart comes into view.
The wall freezes the catoblepas.
The catoblepas gores you!!
* * * LOW HITPOINT WARNING * * *
You are engulfed in calcifying dust.
The wall freezes the catoblepas!
The catoblepas gores you but does no damage.
The frozen ramparts melt away.
The catoblepas gores you!
* * * LOW HITPOINT WARNING * * *
The catoblepas gores you but does no damage.
The catoblepas breathes a plume of calcifying dust at you.
The blast of calcifying dust hits you but does no damage.
You are engulfed in calcifying dust.
The catoblepas gores you!
* * * LOW HITPOINT WARNING * * *
You are engulfed in calcifying dust.
The catoblepas gores you!!
* * * LOW HITPOINT WARNING * * *
You are engulfed in calcifying dust.
The catoblepas gores you!
* * * LOW HITPOINT WARNING * * *
You are engulfed in calcifying dust.
The catoblepas gores you!
You die...

.###.##..## ###..#...#..##§§..#..
.........##.#...#'#.##..##≈...#..
....#######....).#.....)##§.##...
...## ##.#.####.#.#†##§)..†).
.#.# # +#'#.##+#'######'#)# #..#
##....#.#.#.####.#.## #..#
#..#..#......#......# ...#
#.#.#Y(#.B.#.#'#.).⌠). ...#
+.#.†@(#.###..#...8..# #..#
#....§$#.#...#'#.⌠P... .#.#
#...$$§##......#......# ##.#
########+#######..#.#.# ...#
'.##+#'## ...# #'#.#.#.# ...#
..#...... #..# #..##.# #..#
#..#...


You could see a catoblepas.

Vanquished Creatures
  Jorgrun (D:13)
  Agnes (D:14)
  A tengu reaver (D:13)
  A frost giant (D:14)
  Azrael (D:15)
  A minotaur (Gauntlet)
  Snorg (D:14)
  A fire dragon (D:15)
  2 ettins (D:13)
  2 yaktaur captains (D:15)
  A rakshasa (D:15)
  Harold (D:9)
  4 vault guards (D:14)
  9 centaur warriors
  6 hydras
  4 ogre magi (D:15)
  9 boulder beetles
  3 catoblepae (Lair:5)
  9 two-headed ogres
  9 death yaks
  6 tengu warriors
  2 skeletal warriors
  A fire crab (Gauntlet)
  Lodul (D:13)
  A flayed ghost (D:15)
  A wizard (D:14)
  A necromancer (D:13)
  Pikel (D:9)
  A harpy (D:15)
  A deep elf zephyrmancer (D:15)
  A phantasmal warrior (D:15)
  A lindwurm (Lair:2)
  3 orc knights (D:15)
  2 shining eyes (shapeshifter)
  9 ugly things
  10 manticores
  9 deep elf pyromancers
  6 cyclopes
  18 elephants
  A water nymph (shapeshifter) (D:13)
  A black mamba (Lair:1)
  2 torpor snails
  13 cane toads
  3 gargoyles
  4 rime drakes
  3 unseen horrors
  2 kobold demonologists
  2 tengu conjurers
  6 efreet
  10 komodo dragons
  A freezing wraith (D:14)
  8 trolls
  4 polar bears (Lair:4)
  A wind drake (Lair:2)
  Grinder (D:5)
  2 raiju (Gauntlet)
  11 blink frogs
  8 slime creatures
  2 shadows (D:11)
  A culicivora (Lair:2)
  48 yaks
  4 centaur simulacra
  2 wraiths
  A water elemental (D:12)
  A vampire (D:13)
  A basilisk (shapeshifter) (D:15)
  6 wyverns
  4 fire bats (Gauntlet)
  5 basilisks
  2 fire elementals (D:15)
  6 steam dragons
  A redback simulacrum (D:15)
  8 vampire mosquitoes
  2 acid dragons
  19 water moccasins
  A water moccasin (shapeshifter) (D:15)
  4 hell hounds (D:15)
  3 black bears
  A sky beast (D:8)
  5 orc warriors
  5 boggarts
  3 wolves (D:10)
  16 ogres
  5 centaurs
  4 lemures (D:9)
  A phantom (D:5)
  9 kobold brigands
  Blork the orc (D:5)
  16 bullfrogs
  3 necrophages
  2 gnoll sergeants
  4 scorpions
  4 wights (D:8)
  9 killer bees
  6 howler monkeys
  11 electric eels
  9 hounds
  A jelly (Lair:4)
  Crazy Yiuf (D:5)
  2 iguanas (D:5)
  6 orc priests
  Jessica (D:3)
  8 orc wizards
  Natasha (twice) (D:2)
  15 gnolls
  3 river rats
  11 adders
  2 shadow imps
  A white imp (D:6)
  4 worms
  3 dart slugs
  46 orcs
  6 bats
  6 endoplasms
  4 giant cockroaches
  11 goblins
  10 hobgoblins
  3 jackals (D:5)
  45 kobolds
  4 quokkas
  15 ball pythons
  9 frilled lizards
  11 rats
690 creatures vanquished.

Vanquished Creatures (others)
  A sky beast (D:8)
  9 foxfires
  23 fungi
  115 plants
148 creatures vanquished.

Grand Total: 838 creatures vanquished

Notes
Turn   | Place    | Note
-------+----------+-------------------------------------------
     0 | D:1      | epen the Gnoll Fire Elementalist began the quest for the
                  | Orb.
     0 | D:1      | Reached XP level 1. HP: 13/13 MP: 6/6
   148 | D:1      | Reached XP level 2. HP: 19/19 MP: 4/7
   622 | D:2      | Reached skill level 5 in Spellcasting
   622 | D:2      | Reached XP level 3. HP: 25/25 MP: 6/9
   625 | D:2      | Learned a level 2 spell: Scorch
   690 | D:2      | Reached skill level 1 in Invocations
   743 | D:2      | Found Orukeu's Magic Scroll Shoppe.
   749 | D:2      | Reached skill level 1 in Fighting
   749 | D:2      | Reached skill level 1 in Short Blades
   749 | D:2      | Reached skill level 1 in Long Blades
   749 | D:2      | Reached skill level 1 in Axes
   749 | D:2      | Reached skill level 1 in Maces & Flails
   749 | D:2      | Reached skill level 1 in Polearms
   749 | D:2      | Reached skill level 1 in Staves
   749 | D:2      | Reached skill level 1 in Ranged Weapons
   749 | D:2      | Reached skill level 1 in Throwing
   749 | D:2      | Reached skill level 1 in Armour
   749 | D:2      | Reached skill level 1 in Shields
   749 | D:2      | Reached skill level 1 in Unarmed Combat
   749 | D:2      | Reached skill level 1 in Evocations
   749 | D:2      | Upgraded the game from 0.30-a0-172-gc5509c9e31 to
                  | 0.30-a0-177-g1cb5dbfd7a
   900 | D:2      | Found Ybueseis's Distillery.
   972 | D:2      | Reached XP level 4. HP: 21/32 MP: 1/11
  1109 | D:2      | Found Pawisaf's Weapon Boutique.
  1119 | D:2      | Found a faded altar of an unknown god.
  1129 | D:2      | Reached skill level 1 in Hexes
  1129 | D:2      | Reached skill level 1 in Summonings
  1129 | D:2      | Reached skill level 1 in Necromancy
  1129 | D:2      | Reached skill level 1 in Translocations
  1129 | D:2      | Reached skill level 1 in Transmutations
  1129 | D:2      | Reached skill level 1 in Ice Magic
  1129 | D:2      | Reached skill level 1 in Air Magic
  1129 | D:2      | Reached skill level 1 in Earth Magic
  1129 | D:2      | Reached skill level 1 in Poison Magic
  1240 | D:2      | Noticed Natasha
  1242 | D:2      | Killed Natasha
  1525 | D:2      | Noticed Natasha
  1529 | D:2      | Killed Natasha
  1530 | D:2      | Reached XP level 5. HP: 22/37 MP: 7/12
  1625 | D:2      | Gained mutation: Potions are less effective at restoring
                  | your health. [potion of mutation]
  1625 | D:2      | Gained mutation: Your mind is acute. (Int +4, Str/Dex -1)
                  | [potion of mutation]
  1625 | D:2      | Gained mutation: You are agile. (Dex +4, Str/Int -1)
                  | [potion of mutation]
  1791 | D:3      | Noticed Jessica
  1797 | D:3      | Killed Jessica
  2000 | D:3      | Found a shimmering altar of Xom.
  2026 | D:3      | Reached XP level 6. HP: 44/44 MP: 13/13
  2047 | D:3      | Reached skill level 5 in Dodging
  2117 | D:3      | Found a shadowy altar of Dithmenos.
  2224 | D:3      | Found a glowing drain.
  2234 | Sewer    | Entered a sewer
  2651 | Sewer    | Reached XP level 7. HP: 18/51 MP: 4/15
  3581 | D:4      | Reached skill level 5 in Stealth
  3787 | D:4      | Found a bloodstained altar of Trog.
  3812 | D:4      | Found a sparkling altar of Nemelex Xobeh.
  3817 | D:4      | Found an iron altar of Okawaru.
  3818 | D:4      | Found a snail-covered altar of Cheibriados.
  3822 | D:4      | Became a worshipper of Cheibriados the Contemplative
  3830 | D:4      | Found a radiant altar of Vehumet.
  3831 | D:4      | Found a glowing golden altar of the Shining One.
  4306 | D:5      | Entered Level 5 of the Dungeon
  4360 | D:5      | Reached XP level 8. HP: 58/58 MP: 11/16
  4484 | D:5      | Reached * piety under Cheibriados
  4536 | D:5      | Noticed Blork the orc
  4548 | D:5      | Killed Blork the orc
  4822 | D:5      | Found a runed translucent door.
  4823 | D:5      | Noticed Crazy Yiuf
  4848 | D:5      | Killed Crazy Yiuf
  5085 | D:5      | Noticed Grinder
  5095 | D:5      | Paralysed by Grinder for 3 turns
  5104 | D:5      | Killed Grinder
  5105 | D:5      | Reached XP level 9. HP: 51/65 MP: 4/18
  5697 | D:5      | Learned a level 4 spell: Flame Wave
  5863 | D:6      | Found an ancient bone altar of Kikubaaqudgha.
  5899 | D:6      | Reached ** piety under Cheibriados
  5978 | D:6      | Found Xorchapu's General Store.
  5986 | D:6      | Bought a potion of heal wounds for 70 gold pieces
  6223 | D:6      | Found a basalt altar of Yredelemnul.
  6280 | D:6      | Reached skill level 5 in Invocations
  6498 | D:6      | Found a staircase to the Ecumenical Temple.
  6949 | D:7      | Identified the +0 ring mail of the Lotus Blossom {rN+ MP+9}
  7098 | D:7      | Learned a level 3 spell: Frozen Ramparts
  7181 | D:7      | Reached *** piety under Cheibriados
  7412 | D:7      | Reached skill level 5 in Fighting
  7412 | D:7      | Reached skill level 5 in Short Blades
  7412 | D:7      | Reached skill level 5 in Long Blades
  7412 | D:7      | Reached skill level 5 in Axes
  7412 | D:7      | Reached skill level 5 in Maces & Flails
  7412 | D:7      | Reached skill level 5 in Polearms
  7412 | D:7      | Reached skill level 5 in Staves
  7412 | D:7      | Reached skill level 5 in Ranged Weapons
  7412 | D:7      | Reached skill level 5 in Throwing
  7412 | D:7      | Reached skill level 5 in Armour
  7412 | D:7      | Reached skill level 5 in Shields
  7412 | D:7      | Reached skill level 5 in Unarmed Combat
  7412 | D:7      | Reached skill level 5 in Evocations
  7412 | D:7      | Reached XP level 10. HP: 74/74 MP: 12/20
  8021 | D:8      | Found a shimmering blue altar of Sif Muna.
  8180 | D:8      | Reached skill level 5 in Conjurations
  8374 | D:8      | Reached **** piety under Cheibriados
  8677 | D:9      | Noticed a kobold demonologist
  8686 | D:9      | Killed a kobold demonologist
  8702 | D:9      | Noticed Pikel
  8713 | D:9      | Killed Pikel
  8722 | D:9      | Reached skill level 5 in Hexes
  8722 | D:9      | Reached skill level 5 in Summonings
  8722 | D:9      | Reached skill level 5 in Necromancy
  8722 | D:9      | Reached skill level 5 in Translocations
  8722 | D:9      | Reached skill level 5 in Transmutations
  8722 | D:9      | Reached skill level 5 in Ice Magic
  8722 | D:9      | Reached skill level 5 in Air Magic
  8722 | D:9      | Reached skill level 5 in Earth Magic
  8722 | D:9      | Reached skill level 5 in Poison Magic
  8786 | D:9      | Reached XP level 11. HP: 81/81 MP: 18/22
  8845 | D:9      | Found a sacrificial altar of Ru.
  8956 | D:9      | Noticed Harold
  8979 | D:9      | Killed Harold
  9008 | D:9      | Reached ***** piety under Cheibriados
  9719 | D:10     | Entered Level 10 of the Dungeon
  9845 | D:10     | Found a staircase to the Orcish Mines.
  9950 | D:10     | Reached ****** piety under Cheibriados
  9980 | D:10     | Found a staircase to the Lair.
 10156 | D:10     | Identified the +7 flail of the Slime-mould {vorpal, rC+
                  | Dex+3}
 10289 | D:10     | Noticed a two-headed ogre
 10296 | D:10     | Killed a two-headed ogre
 10573 | D:11     | Noticed a boulder beetle
 10605 | D:11     | Killed a boulder beetle
 10831 | D:11     | Reached XP level 12. HP: 91/91 MP: 20/24
 10936 | D:11     | Noticed a two-headed ogre
 10946 | D:11     | Killed a two-headed ogre
 11211 | Lair:1   | Entered Level 1 of the Lair of Beasts
 11642 | Lair:1   | Identified the +1 leather armour of Ran Nyunte {+Blink
                  | Str+2}
 11865 | Lair:2   | Found a staircase to the Shoals.
 12033 | Lair:2   | Learned a level 5 spell: Fireball
 12041 | Lair:2   | Noticed a six-headed hydra
 12056 | Lair:2   | Killed a six-headed hydra
 12077 | Lair:2   | Found a hole to the Spider Nest.
 12111 | Lair:2   | Noticed a seven-headed hydra
 12116 | Lair:2   | Killed a seven-headed hydra
 12422 | Lair:2   | Reached XP level 13. HP: 98/98 MP: 26/26
 13038 | Lair:3   | Learned a level 5 spell: Freezing Cloud
 13343 | Lair:3   | Reached skill level 10 in Spellcasting
 13425 | Lair:4   | Found an opulent altar of Gozag.
 13518 | Lair:4   | Found a staircase to the Slime Pits.
 13766 | Lair:4   | Reached skill level 10 in Dodging
 13959 | Lair:4   | You fall into a shaft and drop 1 floor!
 13959 | Lair:5   | Entered Level 5 of the Lair of Beasts
 14158 | Lair:5   | Reached skill level 10 in Stealth
 14267 | Lair:5   | Reached XP level 14. HP: 108/108 MP: 28/28
 14270 | Lair:5   | Reached skill level 10 in Invocations
 15069 | Lair:5   | Identified the +8 chain mail of Entitlement {Dex+5}
 16379 | D:12     | Found a radiant altar of Vehumet.
 16967 | D:13     | Found a gate leading to a gauntlet.
 16971 | Gauntlet | Entered a Gauntlet
 16971 | Gauntlet | Found a transporter.
 16971 | Gauntlet | Found a transporter.
 17144 | Gauntlet | Found a transporter.
 17144 | Gauntlet | Found a transporter.
 17147 | Gauntlet | Found a transporter.
 17149 | Gauntlet | Found a large runed translucent door.
 17150 | Gauntlet | Found a large runed translucent door.
 17151 | Gauntlet | Found a large runed translucent door.
 17151 | Gauntlet | Found a large runed translucent door.
 17151 | Gauntlet | Found a runed translucent door.
 17152 | Gauntlet | Found a large runed translucent door.
 17153 | Gauntlet | Found a large runed translucent door.
 17156 | Gauntlet | Found a large runed translucent door.
 17156 | Gauntlet | Found a large runed translucent door.
 17158 | Gauntlet | Found a runed translucent gate.
 17159 | Gauntlet | Found a runed translucent gate.
 17160 | Gauntlet | Found a transporter.
 17160 | Gauntlet | Found a runed translucent door.
 17160 | Gauntlet | Found a runed translucent gate.
 17169 | Gauntlet | Found a transporter.
 17229 | Gauntlet | Found a large runed translucent door.
 17229 | Gauntlet | Found a large runed translucent door.
 17229 | Gauntlet | Found a large runed translucent door.
 17230 | Gauntlet | Found a large runed translucent door.
 17231 | Gauntlet | Found a large runed translucent door.
 17235 | Gauntlet | Found a transporter.
 17256 | Gauntlet | Found a large runed translucent door.
 17270 | Gauntlet | Found a large runed translucent door.
 17271 | Gauntlet | Found a large runed translucent door.
 17273 | Gauntlet | Found a transporter.
 17281 | Gauntlet | Found a transporter.
 17298 | Gauntlet | Found a transporter.
 17306 | Gauntlet | Found a transporter.
 17447 | Gauntlet | Reached skill level 10 in Fire Magic
 17455 | Gauntlet | Identified the +1 spear "Ynyh" {venom, rPois rN++ MP-9
                  | SInv}
 17483 | Gauntlet | Identified the ring "Syacifen" {rC- MP+9 Dex+4 Slay+3}
 17710 | D:13     | Noticed Jorgrun
 17742 | D:13     | Killed Jorgrun
 17743 | D:13     | Reached skill level 10 in Fighting
 17743 | D:13     | Reached skill level 10 in Short Blades
 17743 | D:13     | Reached skill level 10 in Long Blades
 17743 | D:13     | Reached skill level 10 in Axes
 17743 | D:13     | Reached skill level 10 in Maces & Flails
 17743 | D:13     | Reached skill level 10 in Polearms
 17743 | D:13     | Reached skill level 10 in Staves
 17743 | D:13     | Reached skill level 10 in Ranged Weapons
 17743 | D:13     | Reached skill level 10 in Throwing
 17743 | D:13     | Reached skill level 10 in Armour
 17743 | D:13     | Reached skill level 10 in Shields
 17743 | D:13     | Reached skill level 10 in Unarmed Combat
 17743 | D:13     | Reached skill level 10 in Evocations
 18172 | D:13     | Noticed Lodul
 18182 | D:13     | Killed Lodul
 18193 | D:13     | Reached XP level 15. HP: 95/115 MP: 27/30
 18614 | D:13     | Noticed a tengu reaver
 18623 | D:13     | Killed a tengu reaver
 18929 | D:13     | Identified the +4 hand axe "Arcanum" {freeze, Dex+3}
 19549 | D:14     | Noticed Agnes
 19557 | D:14     | Killed Agnes
 19599 | D:14     | Noticed Snorg
 19620 | D:14     | Killed Snorg
 19859 | D:14     | Gained mutation: Your spells are a little harder to cast,
                  | but a little more powerful. [a shining eye]
 19862 | D:14     | Gained mutation: Your body sometimes deteriorates upon
                  | taking damage. [a shining eye]
 20053 | D:14     | Found a gate to the Vaults.
 20352 | D:14     | Noticed a frost giant
 20368 | D:14     | Killed a frost giant
 20994 | D:15     | Entered Level 15 of the Dungeon
 21102 | D:15     | Reached skill level 10 in Ice Magic
 21102 | D:15     | Reached XP level 16. HP: 124/124 MP: 17/32
 21175 | D:15     | Found an opulent altar of Gozag.
 21175 | D:15     | Found a white marble altar of Elyvilon.
 21206 | D:15     | Noticed Azrael
 21214 | D:15     | Killed Azrael
 21400 | D:15     | Found a staircase to the Depths.
 21485 | D:15     | Found a blossoming altar of Fedhas.
 22103 | D:15     | Identified the +5 lajatang of Luxury {vorpal, Int+3 Dex+3}
 22288 | D:15     | HP: 3/126 [catoblepas (5)]
 22289 | D:15     | Slain by a catoblepas

Illustrated notes

Levels and vault maps discovered:
D:1:      dpeg_arrival_shelter, layout_basic
D:2:      layout_loops_ring, serial_shops, nicolae_shop_hallway_plus,
          nicolae_shop_bloodbath_and_beyond, shop, basic_ecumenical_altar,
          roderic_roman_lattice, minmay_mini_jars, uniq_natasha
D:3:      layout_rooms, amcnicky_altar_gilded, nicolae_dithmenos_shadow_blocks,
          portal_sewer_entry_e, uniq_jessica
D:4:      minmay_recursive_quarters, layout_basic, minitemple,
          kennysheep_small_spiral, serial_park_tiny_1
D:5:      layout_basic, kennysheep_decorative_pillar, skrybe_limestone_x,
          st_stairs_7, minmay_quadrilaterals, uniq_blork_the_orc,
          uniq_crazy_yiuf_cottage, uniq_grinder
D:6:      layout_basic, nicolae_kikubaaqudgha_miasma_corner,
          kennysheep_little_box, minmay_temple_entry_junction_2, serial_shops,
          nicolae_shop_hallway_plus
D:7:      layout_basic
D:8:      layout_rooms, led_sif_pool, minmay_bent
D:9:      layout_basic, nicolae_ru_sacrificial_ziggurat, uniq_harold, uniq_pikel
D:10:     layout_roguey, erik_lair_island, david_orc_5, chequers_mini_garden
D:11:     layout_basic, dk_vineyard_1
D:12:     layout_loops_corners, serial_bayou, serial_bayou_lake_a,
          serial_bayou_crossing, serial_bayou_pond_e, serial_bayou_lagoon_a,
          serial_bayou_ford_a, serial_bayou_shore_b, fiery_altar_vehumet
D:13:     evilmike_diamond_1, layout_loops_ring, gauntlet_entry_generic,
          uniq_jorgrun, uniq_lodul
D:14:     layout_stronghold, lightli_vaults_fourway_checkpoint,
          corexii_hall_statues_i, minmay_three_doors, uniq_snorg, uniq_agnes
D:15:     hangedman_slaughterboxes, uniq_azrael
Lair:1:   layout_cave_shapes, fungi_pond_lemuel, grunt_megastairs_4
Lair:2:   layout_roguey, minmay_shoals_entry_beasts, spider_nest_entry_rubble,
          nicolae_lair_lindhole, infiniplex_staircase_pool, lemuel_fruit_tree
Lair:3:   layout_roguey, chequers_serial_rivers_marsh
Lair:4:   layout_regular_city, minmay_slime_entry_pillars, basic_altar,
          beast_lair_carwin_8, grunt_megastairs_1
Lair:5:   evilmike_catoblepas_cave, layout_gridlike, st_stairs_4

Skill      XL: |  1  2  3  4  5  6  7  8  9 10 11 12 13 14 15 16 |
---------------+-------------------------------------------------+-----
Conjurations   | 2 3 4 5 6 7 8 9 |  9.9
Spellcasting   | 5 6 7 8 9 10 11 12 | 12.4
Invocations    | 1 2 3 4 5 6 7 8 9 10 11 12 | 12.4
Fighting       | 1 2 3 5 6 7 8 9 10 11 | 11.4
Short Blades   | 1 2 3 5 6 7 8 9 10 11 | 11.4
Long Blades    | 1 2 3 5 6 7 8 9 10 11 | 11.4
Axes           | 1 2 3 5 6 7 8 9 10 11 | 11.4
Maces & Flails | 1 2 3 5 6 7 8 9 10 11 | 11.4
Polearms       | 1 2 3 5 6 7 8 9 10 11 | 11.4
Staves         | 1 2 3 5 6 7 8 9 10 11 | 11.4
Ranged Weapons | 1 2 3 5 6 7 8 9 10 11 | 11.4
Throwing       | 1 2 3 5 6 7 8 9 10 11 | 11.4
Armour         | 1 2 3 5 6 7 8 9 10 11 | 11.4
Shields        | 1 2 3 5 6 7 8 9 10 11 | 11.4
Unarmed Combat | 1 2 3 5 6 7 8 9 10 11 | 11.4
Evocations     | 1 2 3 5 6 7 8 9 10 11 | 11.4
Hexes          | 1 2 3 4 5 6 7 8 9 |  9.6
Summonings     | 1 2 3 4 5 6 7 8 9 |  9.6
Necromancy     | 1 2 3 4 5 6 7 8 9 |  9.6
Translocations | 1 2 3 4 5 6 7 8 9 |  9.6
Transmutations | 1 2 3 4 5 6 7 8 9 |  9.6
Ice Magic      | 1 2 3 4 5 6 7 8 10 | 10.8
Air Magic      | 1 2 3 4 5 6 7 8 9 |  9.6
Earth Magic    | 1 2 3 4 5 6 7 8 9 |  9.6
Poison Magic   | 1 2 3 4 5 6 7 8 9 |  9.6
Dodging        | 5 6 7 8 9 10 11 12 | 12.3
Stealth        | 5 6 7 8 9 10 11 12 | 12.2
Fire Magic     | 6 7 8 9 10 11 | 11.1

Action                   |  1- 3 |  4- 6 |  7- 9 | 10-12 | 13-15 | 16-18 || total
-------------------------+-------+-------+-------+-------+-------+-------++-------
Melee: Unarmed           |    27 |       |       |       |       |       ||    27
       Bite              |     8 |    10 |    12 |    43 |   128 |    44 ||   245
       Punch             |     1 |     3 |     1 |       |       |       ||     5
       Dagger            |    68 |   111 |   113 |    35 |       |       ||   327
       Scimitar          |       |       |       |   111 |       |       ||   111
       Flail             |       |       |       |   158 |   683 |   212 ||  1053
Throw: Boomerang         |     3 |       |       |    10 |    16 |       ||    29
       Javelin           |     2 |       |     2 |    22 |     9 |       ||    35
 Cast: Foxfire           |     4 |       |     1 |       |       |       ||     5
       Scorch            |     8 |    47 |   116 |    65 |    39 |       ||   275
       Frozen Ramparts   |       |       |     3 |    53 |   104 |    32 ||   192
       Flame Wave        |       |       |     1 |       |    17 |     7 ||    25
       Fireball          |       |       |       |       |    34 |    12 ||    46
       Freezing Cloud    |       |       |       |       |     3 |     1 ||     4
Invok: Step From Time    |       |       |       |       |     1 |     1 ||     2
       Slouch            |       |       |       |       |       |     2 ||     2
Evoke: Wand              |       |       |       |     9 |       |       ||     9
       Lightning rod     |       |       |       |       |     4 |       ||     4
  Use: Scroll            |       |     6 |     8 |     9 |     3 |       ||    26
       Potion            |       |     2 |     6 |       |       |     2 ||    10
 Stab: Sleeping          |     5 |     6 |     8 |     8 |    13 |     1 ||    41
       Distracted        |       |       |     1 |     1 |     1 |     1 ||     4
Armor: Robe              |    28 |    26 |    49 |       |       |       ||   103
       Steam dragon scal |       |       |     6 |    30 |       |       ||    36
       Troll leather arm |       |       |       |    37 |    49 |       ||    86
       Chain mail        |       |       |       |       |   137 |   160 ||   297
Dodge: Dodged            |    79 |    77 |   154 |   254 |   566 |   211 ||  1341
Block: Buckler           |       |       |    38 |   125 |   344 |   122 ||   629

Table legend: (Time is in decaauts)
 A = Elapsed time spent in this place.
 B = Non-inter-level travel time spent in this place.
 C = Inter-level travel time spent in this place.
 D = Time resting spent in this place.
 E = Time spent auto-exploring this place.
 F = Levels seen in this place.
 G = Mean time per level.
                   A        B        C        D        E       F      G
               +--------+--------+--------+--------+--------+-----+--------+
         Total |  31913 |  30803 |   1110 |   2356 |  21723 |  22 | 1450.6 |
       Dungeon |  22368 |  21606 |    762 |   1569 |  15448 |  15 | 1491.2 |
          Lair |   7879 |   7531 |    348 |    286 |   5857 |   5 | 1575.8 |
         Sewer |    696 |    696 |      0 |    214 |    299 |   1 |  696.0 |
      Gauntlet |    969 |    969 |      0 |    287 |    118 |   1 |  969.0 |
               +--------+--------+--------+--------+--------+-----+--------+

Top non-repeatable levels by time:
    D:13: 2596 daAuts
    D:14: 2268 daAuts
    D:12: 2160 daAuts
  Lair:5: 2108 daAuts
     D:9: 1794 daAuts
    D:15: 1721 daAuts
  Lair:4: 1707 daAuts
     D:5: 1691 daAuts
  Lair:2: 1644 daAuts
     D:6: 1391 daAuts
    D:11: 1331 daAuts
     D:7: 1276 daAuts
    D:10: 1237 daAuts
  Lair:1: 1218 daAuts
  Lair:3: 1200 daAuts
